 Dungeon Crawl Stone Soup version 0.21.0-3-g78d12a8 (webtiles) character file.

544924 inmateoo the Wrestler (level 24, -22/267 HPs)
             Began as a Pale Draconian Transmuter on Jan 9, 2018.
             Was the Champion of Cheibriados.
             Annihilated by a golden dragon (43 damage)
             ... on level 5 of the Realm of Zot.
             The game lasted 01:49:01 (43051 turns).

inmateoo the Wrestler (Pale Draconian Transmuter)  Turns: 43051, Time: 01:49:02

Health: -22/267    AC: 35    Str: 36    XL:     24   Next: 86%
Magic:  35/41      EV: 29    Int: 32    God:    Cheibriados [******]
Gold:   2568       SH: 18    Dex: 30    Spells: 17/51 levels left

rFire    + + +     SeeInvis +     - Unarmed
rCold    + . .     Gourm    .   r - +2 shield of Resistance {rF+ rC+ MR+}
rNeg     + . .     Faith    .   (armour unavailable)
rPois    ∞         Spirit   .   (helmet restricted)
rElec    +         Reflect  .   i - +2 cloak
rCorr    .         Harm     .   (gloves currently unavailable)
MR       +++..                  (boots currently unavailable)
Stlth    ++........             A - amulet of regeneration
HPRegen  0.94/turn              J - ring of protection from magic
MPRegen  0.27/turn              W - ring "Mig Pucu" {rPois rF+++ Int+3 Slay-4 SInv}

@: about to teleport, statue-form, very slow
A: (breathe steam), unfitting armour, big wings, horns 1, blink, wild magic 1,
cold-blooded, AC +12
}: 3/15 runes: serpentine, barnacled, slimy
a: Fly, End Transformation, Blink, Bend Time, Temporal Distortion, Slouch, Step
From Time, Renounce Religion


You were on level 5 of the Realm of Zot.
You worshipped Cheibriados.
Cheibriados was exalted by your worship.
You were completely stuffed.
You were a stone statue.
You visited 10 branches of the dungeon, and saw 51 of its levels.
You also visited: Labyrinth, Ice Cave and Desolation.

You collected 5439 gold pieces.
You spent 2871 gold pieces at shops.

Inventory:

Missiles
 a - 1192 arrows
Armour
 i - a +2 cloak (worn)
 n - a +2 pair of gloves of strength (melded)
 r - the +2 shield of Resistance (worn) {rF+ rC+ MR+}
   (You found it in the Desolation of Salt)

   It protects you from fire.
   It protects you from cold.
   It affects your resistance to hostile enchantments.
 Q - a +2 pair of boots of flying (melded)
Jewellery
 p - an uncursed ring of wizardry
 y - an uncursed ring of protection from fire
 A - an amulet of regeneration (around neck)
 J - a ring of protection from magic (left hand)
 K - an uncursed ring of see invisible
 L - an uncursed ring of resist corrosion
 V - an uncursed ring of positive energy
 W - the ring "Mig Pucu" (right hand) {rPois rF+++ Int+3 Slay-4 SInv}
   (You found it on level 5 of the Pits of Slime)

   [ring of intelligence]

   It affects your intelligence (+3).
   It affects your accuracy and damage with ranged weapons and melee attacks
   (-4).
   It renders you almost immune to fire.
   It protects you from poison.
   It lets you see invisible.
 Y - the ring of Josus {rC+ Str+2}
   (You acquired it on level 2 of the Vaults)

   [ring of protection from cold]

   It affects your strength (+2).
   It protects you from cold.
 Z - the ring "Felygued" {+Inv rPois}
   (You acquired it on level 2 of the Vaults)

   [ring of poison resistance]

   It protects you from poison.
   It lets you turn invisible.
Wands
 b - a wand of digging (9)
 f - a wand of flame (205)
 h - a wand of scattershot (2)
 s - a wand of disintegration (90)
 z - a wand of iceblast (17)
 B - a wand of acid (49)
 N - a wand of polymorph (22)
 U - a wand of clouds (3)
Scrolls
 o - 10 scrolls of teleportation
 q - 4 scrolls of amnesia
 t - 21 scrolls of remove curse
 w - 10 scrolls of blinking
 E - 9 scrolls of fog
 G - 9 scrolls of identify
 P - 4 scrolls of fear
 S - a scroll of enchant armour
 T - 3 scrolls of silence
Potions
 c - 6 potions of lignification
 d - 6 potions of ambrosia
 e - 4 potions of cancellation
 g - 14 potions of curing
 j - a potion of mutation
 k - 3 potions of agility
 m - 9 potions of flight
 u - 8 potions of might
 x - 2 potions of heal wounds
 F - 4 potions of brilliance
 H - 8 potions of magic
 I - a potion of invisibility
Miscellaneous
 v - a box of beasts
 C - a phial of floods
 M - 2 sacks of spiders
 O - a lamp of fire
 R - a fan of gales
Comestibles
 l - 33 rations


   Skills:
 - Level 15.0 Fighting
 - Level 15.0 Dodging
 + Level 13.0 Shields
 - Level 21.0 Unarmed Combat
 - Level 14.0 Spellcasting
 - Level 8.0 Charms
 - Level 4.0 Necromancy
 - Level 5.0 Translocations
 - Level 15.0 Transmutations
 - Level 8.0 Air Magic
 - Level 18.0 Earth Magic
 - Level 12.0 Invocations
 - Level 2.3 Evocations


You had 17 spell levels left.
You knew the following spells:

 Your Spells              Type           Power        Failure   Level  Hunger
a - Regeneration          Chrm/Necr      ######....   1%          3    None
b - Sticks to Snakes      Tmut           ########     1%          2    None
c - Blade Hands           Tmut           ########..   1%          5    None
d - Blink                 Tloc           N/A          1%          2    None
e - Statue Form           Tmut/Erth      ########.    1%          6    ###....
f - Shatter               Erth           ########..   80%         9    #######
g - Apportation           Tloc           ######       1%          1    None
h - Deflect Missiles      Chrm/Air       #######...   21%         6    ###....


Dungeon Overview and Level Annotations

Branches:
Dungeon (15/15)            Temple (1/1) D:4            Lair (6/6) D:10
 Shoals (4/4) Lair:2        Snake (4/4) Lair:3        Slime (5/5) Lair:6
    Orc (2/2) D:12            Elf (0/3) Orc:2        Vaults (4/5) D:13
  Crypt (0/3) Vaults:3     Depths (5/5) D:15            Zot (5/5) Depths:5

Altars:
Cheibriados
Fedhas
Hepliaklqana
Kikubaaqudgha
Makhleb
Okawaru
Ru
Sif Muna
Trog
Uskayaw
Wu Jian
Xom
Yredelemnul
Zin
Beogh
Jiyva

Shops:
Orc:2 ***?   Shoals:4 [   Vaults:2 *   Vaults:4 ?

Portals:
Hell: Depths:1 Depths:2 Depths:4 Depths:5
Abyss: Depths:1 Depths:4 Depths:5
Pandemonium: Depths:2 Depths:5
Ziggurat: Depths:2

Annotations:
Depths:2 Mara
Depths:4 1 transporter, 5 exclusions
Zot:2 1 exclusion


Innate Abilities, Weirdness & Mutations

((You can breathe blasts of scalding, opaque steam.))
((Your pale cyan-grey scales are hard. (AC +12)))
You cannot fit into any form of body armour.
You are cold-blooded and may be slowed by cold attacks.
Your large and strong wings let you fly indefinitely.
You have a pair of small horns on your head.
You can translocate small distances at will.
Your spells are a little harder to cast, but a little more powerful.


Message History

The Orb Guardian hits you!!
* * * LOW HITPOINT WARNING * * *
You block the Orb Guardian's attack. The golden dragon barely misses you.
The golden dragon completely misses you.
The golden dragon tramples you but does no damage.
The ghost moth stares at you.
You feel your power leaking away. The Orb Guardian closely misses you.
The moth of wrath angrily waves its antennae.
The golden dragon completely misses you.
The golden dragon misses you.
The golden dragon completely misses you.
You hear a distant "Zot"!
The ghost moth misses you. x2; The ghost moth closely misses you.
You block the moth of wrath's attack. The Orb Guardian completely misses you.
Okay, then.
You block the Orb Guardian's attack. The Orb Guardian hits you!!
* * * LOW HITPOINT WARNING * * *
The golden dragon bites you!!!
You die...

,,* **,,,,,,,,,,,** *,,,,,,,,,,
,,* *......,,,,,* *,,,,,,,,,, ,,*
**......,,,,,** *,,,,,,,,,, ,**
*,......,,,,,,* **,,,,,,,,, **
**,,,....,,,,,,** **,,,,,,,, *
*,,,,,....,,,,,,* **,,,,,,,
*****#######.########▓ ********
,,,,,...............[#
,,,,,........?.X8....#
,,,,,........D.Dy....#
*****##.......D###...#*
,,,,,..⌠.....y.....y..#*
,,,,,.......<..........#
,,,,,.......†.......⌠..#
,,,,*#...#...#####.....# *****
,,,,*....#...#****y...##***,,,***
,,,,,..?,.....,,,,,..,,<,,,,,,,,,


You could see a shadow dragon, a golden dragon (berserk), a quicksilver dragon,
an Orb Guardian (berserk), a ghost moth (invisible) and 2 moths of wrath.

Vanquished Creatures
  the Royal Jelly (Slime:5)
  A juggernaut (Depths:4)
  The ghost of plantmann the Bludgeoner, a legendary GrFi of Okawaru (Slime:1)
  Margery (Vaults:2)
  Xtahua (Vaults:4)
  Vashnia (Snake:4)
  Bai Suzhen (Vaults:4)
  9 golden dragons
  An Ice Fiend (IceCv)
  6 tentacled monstrosities
  Jorgrun (Shoals:2)
  Rupert (D:13)
  3 titans
  An Orb Guardian (Zot:5)
  2 liches
  Polyphemus (Shoals:2)
  3 sphinxes
  The ghost of jazmu the Severer, an adept GrAs of Okawaru (Vaults:1)
  33 acid blobs
  4 death cobs
  A revenant (Vaults:3)
  7 storm dragons
  4 shadow dragons
  14 azure jellies
  A draconian monk (Zot:1)
  Donald (Shoals:1)
  Ilsuiw (Shoals:4)
  Roxanne (Snake:2)
  5 fire giants
  5 nagarajas
  13 vault wardens
  6 frost giants
  A ghost moth (Zot:2)
  A draconian knight (Zot:1)
  A balrug (Depths:2)
  Louise (Snake:1)
  A cacodemon (Depths:5)
  2 draconian shifters
  A curse skull (Vaults:3)
  A draconian stormcaller (Depths:5)
  2 deep elf sorcerers
  16 ironheart preservers
  12 stone giants
  15 very ugly things
  2 entropy weavers
  4 vampire knights
  3 black draconians (Depths:5)
  The ghost of Gildeon the Severer, a journeyman MiFi of Sif Muna (Lair:6)
  A deep elf annihilator (Depths:4)
  Nessos (D:13)
  2 white draconians
  3 green draconians (Depths:5)
  A spark wasp (shapeshifter) (Vaults:4)
  3 red draconians
  2 deep elf demonologists
  3 halazid warlocks (Desolation)
  A purple draconian (Zot:2)
  3 yellow draconians
  5 spark wasps
  3 crystal guardians (Desolation)
  A minotaur (Lab)
  A deep elf death mage (Vaults:4)
  5 ettins
  14 death oozes
  4 ragged hierophants (Desolation)
  11 merfolk impalers
  14 fire dragons
  11 merfolk javelineers
  9 ice dragons
  10 great orbs of eyes
  18 naga warriors
  13 yaktaur captains
  6 vault guards
  4 hydras
  11 peacekeepers (Desolation)
  A monstrous demonspawn (Depths:5)
  10 servants of whispers
  5 merfolk avatars
  6 spriggan air magi
  2 rakshasas
  2 merfolk aquamancers
  9 anacondas
  45 two-headed ogres
  2 catoblepae
  An alligator snapping turtle (Shoals:4)
  A satyr (Shoals:3)
  An alligator (shapeshifter) (Depths:4)
  14 ogre magi
  5 centaur warriors
  A death knight (Vaults:1)
  3 death yaks
  The ghost of Suckerboh the Basher, a journeyman GrGl of the Shining One (Lair:1)
  3 tengu warriors
  17 naga sharpshooters
  7 deep troll earth magi
  4 deep troll shamans
  An orc high priest (Orc:1)
  6 spriggan berserkers
  12 hell knights
  A soul eater (Depths:5)
  Nergalle (D:11)
  4 deep elf knights
  A fire crab (shapeshifter) (Vaults:3)
  2 shock serpents
  4 salamander mystics
  5 iron trolls
  34 deep trolls
  2 flayed ghosts
  6 glowing orange brains
  A skeletal warrior (Vaults:3)
  9 sea snakes
  4 naga ritualists
  2 unseen horrors
  4 deep elf archers
  A tengu zombie (Vaults:4)
  17 ironbrand convokers
  13 orc knights
  A shadow dragon zombie (Vaults:4)
  10 wizards
  29 harpies
  2 necromancers
  28 ugly things
  A stone giant zombie (Vaults:4)
  10 orc sorcerers
  11 shining eyes
  13 manticores
  16 deep elf magi
  17 moths of wrath
  4 wolf spiders
  8 mana vipers
  14 fauns
  A human zombie (Vaults:4)
  9 cyclopes
  154 slime creatures
  14 salamanders
  8 merfolk sirens
  3 elephants (Lair:6)
  2 centaur zombies
  22 black mambas
  2 ice statues
  The ghost of mopl the Carver, a novice TeSk of Okawaru (D:5)
  4 eyes of devastation
  12 vault sentinels
  Psyche (D:11)
  11 guardian serpents
  25 naga magi
  8 water nymphs
  5 gargoyles
  15 spiny frogs
  A rime drake (shapeshifter) (Depths:1)
  5 rime drakes (Lair:4)
  7 freezing wraiths
  43 yaktaurs
  4 anaconda simulacra (IceCv)
  A hellwing (Depths:2)
  A queen bee (shapeshifter) (Vaults:2)
  4 ice devils (IceCv)
  A red devil (Depths:2)
  3 golden dragon simulacra (IceCv)
  A silent spectre (Depths:4)
  3 tengu conjurers
  A minotaur zombie (Lab)
  A jumping spider (Vaults:1)
  11 trolls
  6 wind drakes
  23 merfolk
  9 hornets
  A merfolk (shapeshifter) (Depths:5)
  A wolf spider simulacrum (IceCv)
  A blink frog (shapeshifter) (Vaults:2)
  7 polar bears
  12 blink frogs
  A dream sheep (shapeshifter) (Depths:4)
  12 dream sheep
  64 saltlings
  A frost giant simulacrum (Vaults:2)
  6 snapping turtles
  13 hippogriffs
  5 redbacks
  Sigmund (D:2)
  A shadow (D:15)
  18 spriggans
  14 air elementals
  A wraith (D:13)
  22 water elementals
  2 vampires
  A dire elephant simulacrum (IceCv)
  11 wyverns
  A yak (shapeshifter) (Depths:5)
  4 fire bats (Lair:4)
  50 yaks
  A human (shapeshifter) (Depths:1)
  15 humans (D:13)
  15 golden eyes
  7 basilisks
  Grum (D:11)
  5 hungry ghosts
  4 steam dragons
  14 vampire mosquitoes
  A chaos spawn (Depths:5)
  2 iron troll simulacra (IceCv)
  A death yak simulacrum (IceCv)
  12 wargs
  3 harpy simulacra (IceCv)
  A soldier ant (shapeshifter) (Vaults:4)
  45 nagas
  A swamp worm (shapeshifter) (Vaults:3)
  An acid dragon (shapeshifter) (Depths:1)
  8 water moccasins
  2 soldier ants (D:8)
  3 hell hounds
  4 acid dragons
  A floating eye (Slime:5)
  A porcupine (shapeshifter) (Vaults:3)
  13 porcupines
  A hydra simulacrum (IceCv)
  A floating eye (shapeshifter) (Depths:1)
  A black bear (shapeshifter) (Depths:5)
  24 orc warriors
  3 ice beasts
  7 black bears
  2 necrophages
  4 eyes of draining
  An alligator simulacrum (IceCv)
  4 sky beasts
  2 ettin simulacra
  3 phantoms
  14 boggarts
  20 wolves
  38 ogres
  17 centaurs
  A human skeleton (Vaults:4)
  8 crocodiles
  A big kobold (D:8)
  19 bullfrogs
  A gnoll sergeant (D:8)
  2 wyvern skeletons
  8 scorpions
  An elephant simulacrum (IceCv)
  5 killer bees (D:8)
  2 howler monkeys
  6 crimson imps
  A human simulacrum (Vaults:1)
  3 bullfrog zombies
  4 lava snakes (Lab)
  A quasit (D:13)
  2 hounds
  6 jellies
  3 draconian simulacra (IceCv)
  23 orc priests
  3 centaur skeletons
  41 orc wizards
  Crazy Yiuf (D:2)
  A gnoll shaman (D:7)
  A bullfrog skeleton (D:12)
  2 iguanas
  7 worker ants
  A polar bear simulacrum (IceCv)
  5 troll simulacra (IceCv)
  A wolf simulacrum (IceCv)
  A centaur simulacrum (IceCv)
  2 worker ant zombies (D:11)
  11 gnolls
  2 naga simulacra (IceCv)
  8 adders
  2 ogre simulacra (IceCv)
  2 shadow imps
  9 white imps
  6 ufetubi (IceCv)
  12 oozes (Lair:4)
  4 worms
  4 leopard geckos
  107 orcs
  5 giant cockroaches
  3 goblins
  10 hobgoblins
  5 quokkas
  A ball python (D:2)
  3 bats (D:1)
  A frilled lizard (D:4)
  9 kobolds
  A quokka skeleton (D:6)
  12 rats
  A butterfly (D:8)
2146 creatures vanquished.

Vanquished Creatures (collateral kills)
  A stone giant (Depths:4)
  A naga warrior (Snake:4)
  A naga mage (Snake:4)
  Menkaure (D:4)
  A scorpion (D:2)
  An adder (D:4)
  An orc (D:4)
  A bat (D:3)
8 creatures vanquished.

Vanquished Creatures (others)
  Aizul (Snake:2)
  An ironheart preserver (Vaults:3)
  A servant of whispers (Desolation)
  A naga warrior (Snake:4)
  A deep troll shaman (Depths:5)
  2 deep trolls
  An ironbrand convoker (Vaults:3)
  A golden eye (Slime:1)
  2 ogres
  A centaur (Vaults:2)
  3 ufetubi (IceCv)
  An orc (Vaults:3)
  10 fungi
  5 plants
31 creatures vanquished.

Grand Total: 2185 creatures vanquished

Notes
Turn   | Place    | Note
-------+----------+-------------------------------------------
     0 | D:1      | inmateoo the Draconian Transmuter began the quest for the Orb.
     0 | D:1      | Reached XP level 1. HP: 16/16 MP: 3/3
   420 | D:1      | Reached XP level 2. HP: 22/23 MP: 3/5
  1086 | D:2      | Noticed Sigmund
  1108 | D:1      | Learned a level 2 spell: Sticks to Snakes
  1181 | D:2      | Found a runed door.
  1213 | D:2      | Noticed a scorpion
  1230 | D:2      | Killed a scorpion
  1230 | D:2      | Reached XP level 3. HP: 15/29 MP: 0/6
  1389 | D:2      | Noticed Crazy Yiuf
  1404 | D:2      | Killed Crazy Yiuf
  1404 | D:2      | Reached XP level 4. HP: 5/36 MP: 3/7
  1663 | D:2      | Found an ancient bone altar of Kikubaaqudgha.
  2065 | D:2      | Killed Sigmund
  2065 | D:2      | Reached XP level 5. HP: 31/44 MP: 4/9
  2379 | D:2      | Found an ornate altar of the Wu Jian Council.
  2381 | D:2      | Found an iron altar of Okawaru.
  2646 | D:3      | Reached skill level 4 in Unarmed Combat
  2646 | D:3      | Reached XP level 6. HP: 33/51 MP: 10/10
  2651 | D:3      | Learned a level 3 spell: Spider Form
  3638 | D:4      | Noticed Menkaure
  3649 | D:4      | Killed Menkaure
  3746 | D:4      | Your scales start taking on a pale cyan-grey colour.
  3746 | D:4      | Reached XP level 7. HP: 58/58 MP: 12/12
  3835 | D:4      | Found a staircase to the Ecumenical Temple.
  3964 | Temple   | Entered the Ecumenical Temple
  3984 | Temple   | Became a worshipper of Cheibriados the Contemplative
  4161 | D:5      | Entered Level 5 of the Dungeon
  4194 | D:5      | Learned a level 2 spell: Blink
  4199 | D:5      | Learned a level 4 spell: Ice Form
  4265 | D:5      | Noticed mopl's ghost (novice TeSk)
  4280 | D:5      | Reached skill level 5 in Unarmed Combat
  4341 | D:5      | Found a bloodstained altar of Trog.
  4341 | D:5      | Noticed a moth of wrath
  4498 | D:5      | Reached XP level 8. HP: 64/67 MP: 14/14
  4502 | D:5      | Reached * piety under Cheibriados
  4840 | D:5      | Killed mopl's ghost
  4840 | D:5      | Reached skill level 5 in Fighting
  4840 | D:5      | Reached skill level 6 in Unarmed Combat
  4840 | D:5      | Reached skill level 5 in Transmutations
  5634 | D:6      | Found a burning altar of Makhleb.
  5635 | D:6      | Noticed an Executioner
  5641 | D:6      | Found a glowing silver altar of Zin.
  5641 | D:6      | Noticed an angel
  5927 | D:7      | Reached XP level 9. HP: 74/74 MP: 16/16
  6117 | D:7      | Reached skill level 5 in Spellcasting
  6192 | D:7      | Reached skill level 1 in Invocations
  6209 | D:7      | Reached ** piety under Cheibriados
  6220 | D:7      | Reached skill level 5 in Dodging
  6220 | D:7      | Reached skill level 7 in Unarmed Combat
  6697 | D:8      | Reached *** piety under Cheibriados
  6765 | D:8      | Found a shimmering altar of Xom.
  6876 | D:8      | Reached skill level 8 in Unarmed Combat
  6920 | D:8      | Learned a level 5 spell: Blade Hands
  7172 | D:8      | Found a hazy altar of Hepliaklqana.
  7456 | D:8      | Noticed a two-headed ogre
  7464 | D:8      | Killed a two-headed ogre
  7464 | D:8      | Reached XP level 10. HP: 26/84 MP: 12/18
  7561 | D:9      | Reached **** piety under Cheibriados
  7683 | D:9      | Reached skill level 9 in Unarmed Combat
  8085 | D:10     | Entered Level 10 of the Dungeon
  8104 | D:10     | Noticed a brown ugly thing
  8129 | D:10     | Killed a brown ugly thing
  8129 | D:10     | Reached skill level 5 in Invocations
  8143 | D:10     | Learned a level 1 spell: Apportation
  8309 | D:10     | Reached XP level 11. HP: 89/92 MP: 20/20
  8381 | D:10     | Found a staircase to the Lair.
  9006 | D:11     | Reached ***** piety under Cheibriados
  9032 | D:11     | Noticed Grum
  9037 | D:11     | Killed Grum
  9134 | D:11     | Noticed Nergalle
  9136 | D:11     | Noticed Psyche
  9140 | D:11     | Noticed a two-headed ogre
  9147 | D:11     | Killed Nergalle
  9147 | D:11     | Reached skill level 10 in Unarmed Combat
  9150 | D:11     | Killed a two-headed ogre
  9152 | D:11     | Killed Psyche
  9530 | D:12     | Found a staircase to the Orcish Mines.
  9684 | D:12     | Noticed a red ugly thing
  9691 | D:12     | Killed a red ugly thing
  9855 | D:12     | Reached skill level 11 in Unarmed Combat
  9990 | D:12     | Reached XP level 12. HP: 62/101 MP: 17/21
 10397 | D:13     | Found a gate to the Vaults.
 10397 | D:13     | Noticed Nessos
 10397 | D:13     | Noticed Rupert
 10457 | D:13     | Noticed a centaur warrior
 10463 | D:13     | Reached skill level 12 in Unarmed Combat
 10493 | Orc:1    | Entered Level 1 of the Orcish Mines
 10494 | Orc:1    | Noticed an orc high priest
 10497 | Orc:1    | Reached ****** piety under Cheibriados
 10503 | Orc:1    | Killed an orc high priest
 11003 | Orc:2    | Entered Level 2 of the Orcish Mines
 11018 | Orc:1    | Reached skill level 13 in Unarmed Combat
 11126 | Orc:2    | Found a roughly hewn altar of Beogh.
 11465 | Orc:2    | Reached skill level 14 in Unarmed Combat
 11587 | Orc:2    | Found a staircase to the Elven Halls.
 11676 | Orc:2    | Found a roughly hewn altar of Beogh.
 11705 | Orc:2    | Found Yliutui's General Store.
 11705 | Orc:2    | Found Nuishuruori's Magic Scroll Shop.
 11719 | Orc:2    | Bought a scroll of blinking for 105 gold pieces
 11719 | Orc:2    | Bought a scroll of blinking for 105 gold pieces
 11850 | Orc:2    | Found Tiepti's General Store.
 11850 | Orc:2    | Found Buidoyla's Assorted Antiques.
 11857 | Orc:2    | Reached XP level 13. HP: 105/107 MP: 16/22
 11884 | Orc:2    | Bought a potion of heal wounds for 60 gold pieces
 11893 | Orc:2    | Bought a metal-bound book for 480 gold pieces
 11900 | Orc:2    | Learned a level 6 spell: Deflect Missiles
 11903 | Orc:2    | Bought a scroll of identify for 64 gold pieces
 11903 | Orc:2    | Bought a scroll of teleportation for 96 gold pieces
 11903 | Orc:2    | Bought a scroll of identify for 64 gold pieces
 11903 | Orc:2    | Bought a long silver wand for 128 gold pieces
 12212 | Lair:1   | Entered Level 1 of the Lair of Beasts
 12219 | Lair:1   | Reached skill level 15 in Unarmed Combat
 12228 | Lair:1   | Noticed Suckerboh's ghost (journeyman GrGl)
 12325 | Lair:1   | Killed Suckerboh's ghost
 13084 | Lair:2   | Found a staircase to the Shoals.
 14060 | Lair:3   | Found a staircase to the Snake Pit.
 14831 | Lair:4   | Reached XP level 14. HP: 104/118 MP: 21/24
 15399 | Lair:5   | Reached skill level 16 in Unarmed Combat
 15447 | Lair:5   | Learned a level 3 spell: Regeneration
 16006 | Lair:6   | Entered Level 6 of the Lair of Beasts
 16023 | Lair:6   | Noticed Gildeon's ghost (journeyman MiFi)
 16069 | Lair:6   | Killed Gildeon's ghost
 16081 | Lair:6   | Found a labyrinth entrance.
 16116 | Lair:6   | Identified a scroll of acquirement
 16119 | Lair:6   | Got a pair of ichor-stained boots
 16131 | Lair:6   | Identified the +0 pair of boots of Good Intentions {Int+2} (You acquired it on level 6 of the Lair of Beasts)
 16138 | Lab      | Entered a labyrinth
 17034 | Lair:6   | Reached skill level 10 in Fighting
 17384 | Lair:6   | Found a staircase to the Slime Pits.
 17635 | D:13     | Reached skill level 1 in Shields
 17635 | D:13     | Killed Nessos
 17646 | D:13     | Killed Rupert
 17852 | D:13     | Reached skill level 10 in Transmutations
 17860 | D:13     | Reached XP level 15. HP: 67/126 MP: 23/27
 18003 | D:13     | Found an ornate altar of the Wu Jian Council.
 18945 | D:14     | Reached skill level 10 in Dodging
 19303 | D:15     | Entered Level 15 of the Dungeon
 19309 | D:15     | Reached skill level 17 in Unarmed Combat
 19309 | D:15     | Reached skill level 10 in Invocations
 19414 | D:15     | Found a staircase to the Depths.
 20200 | Depths:1 | Entered Level 1 of the Depths
 20360 | D:15     | Reached skill level 1 in Necromancy
 20360 | D:15     | Reached skill level 1 in Evocations
 20500 | Depths:1 | Noticed a frost giant
 20510 | Depths:1 | Killed a frost giant
 20595 | Depths:1 | Found a gateway to Hell.
 20959 | Depths:1 | Noticed a sphinx
 20968 | Depths:1 | Killed a sphinx
 21175 | Depths:1 | Learned a level 6 spell: Statue Form
 21400 | Snake:1  | Entered Level 1 of the Snake Pit
 21463 | Snake:1  | Reached skill level 1 in Earth Magic
 21936 | Snake:1  | Noticed Louise
 21947 | Snake:1  | Killed Louise
 22255 | Snake:2  | Reached XP level 16. HP: 135/135 MP: 23/28
 22324 | Snake:2  | Noticed Roxanne
 22329 | Snake:2  | Killed Roxanne
 22424 | Snake:2  | Noticed Aizul
 22434 | Snake:2  | Killed Aizul
 22759 | Snake:3  | Reached skill level 18 in Unarmed Combat
 22821 | Snake:3  | Reached skill level 5 in Earth Magic
 23501 | Snake:4  | Entered Level 4 of the Snake Pit
 23578 | Snake:4  | Noticed Vashnia
 23633 | Snake:4  | Killed Vashnia
 23999 | Snake:4  | Reached XP level 17. HP: 141/141 MP: 30/30
 24089 | Snake:4  | Reached skill level 10 in Spellcasting
 24733 | Snake:4  | Got a serpentine rune of Zot
 25064 | Vaults:1 | Entered Level 1 of the Vaults
 25295 | Vaults:1 | Reached skill level 10 in Earth Magic
 25332 | Vaults:1 | Noticed jazmu's ghost (adept GrAs)
 25343 | Vaults:1 | Killed jazmu's ghost
 26289 | Vaults:1 | Paralysed by a wizard for 2 turns
 26487 | Vaults:2 | Noticed Margery
 26551 | Vaults:2 | Killed Margery
 26561 | Vaults:2 | Reached XP level 18. HP: 149/149 MP: 23/32
 26661 | Vaults:2 | Found Taismewi's Assorted Antiques.
 26667 | Vaults:2 | Bought a scroll of acquirement for 1612 gold pieces
 26750 | Vaults:2 | Got a clouded lead ring
 26752 | Vaults:2 | Got a bound amber ring
 26753 | Vaults:2 | Identified the ring of Josus {rC+ Str+2} (You acquired it on level 2 of the Vaults)
 26754 | Vaults:2 | Identified the ring "Felygued" {+Inv rPois} (You acquired it on level 2 of the Vaults)
 26886 | Vaults:2 | Identified the Reference Book on the Mutagenic Entourage
 26923 | Vaults:2 | Reached skill level 15 in Transmutations
 28285 | Vaults:3 | Reached skill level 15 in Earth Magic
 28402 | Vaults:3 | Found a ruined gateway.
 28428 | Vaults:3 | Reached skill level 1 in Charms
 28442 | Vaults:3 | Reached XP level 19. HP: 138/156 MP: 30/33
 28459 | Desolati | Entered the Desolation of Salt
 28532 | Desolati | Found the +2 shield of Resistance {rF+ rC+ MR+}
 28683 | Desolati | Identified Lisoj's Compendium of the Compass and Shape Shifting
 28695 | Desolati | Learned a level 9 spell: Shatter
 28734 | Desolati | Reached skill level 1 in Translocations
 28904 | Desolati | Identified Syovve Quso's Grimoire of Noxious Weightlessness
 28908 | Desolati | Identified the cursed +0 pair of gloves of Mental Paralysis {rPois MP-9 Int+4} (You found it in the Desolation of Salt)
 29064 | Vaults:3 | Reached skill level 5 in Shields
 29396 | Vaults:3 | Found a staircase to the Crypt.
 30234 | Vaults:4 | Reached XP level 20. HP: 166/166 MP: 28/34
 30358 | Vaults:4 | Reached skill level 19 in Unarmed Combat
 30391 | Vaults:4 | Noticed Bai Suzhen
 30404 | Vaults:4 | Killed Bai Suzhen
 30509 | Vaults:4 | Found Laxuboh's Magic Scroll Emporium.
 30517 | Vaults:4 | Bought a scroll of blinking for 157 gold pieces
 30574 | Vaults:4 | Noticed Xtahua
 30583 | Vaults:4 | Killed Xtahua
 30903 | Vaults:4 | Reached skill level 5 in Translocations
 31848 | Shoals:1 | Entered Level 1 of the Shoals
 31848 | Shoals:1 | Noticed Donald
 31855 | Shoals:1 | Killed Donald
 32507 | Shoals:2 | Reached XP level 21. HP: 116/174 MP: 33/36
 32621 | Shoals:2 | Noticed Jorgrun
 32626 | Shoals:2 | Killed Jorgrun
 32780 | Shoals:2 | Noticed Polyphemus
 32792 | Shoals:2 | Killed Polyphemus
 33236 | Shoals:3 | Found a frozen archway.
 33280 | IceCv    | Entered an ice cave
 34321 | Shoals:4 | Entered Level 4 of the Shoals
 34807 | Shoals:4 | Noticed Ilsuiw
 34841 | Shoals:4 | Killed Ilsuiw
 34862 | Shoals:4 | Found Syipeci's Armour Shop.
 34913 | Shoals:4 | Reached skill level 20 in Unarmed Combat
 34953 | Shoals:4 | Got a barnacled rune of Zot
 35826 | Depths:1 | Found a one-way gate to the infinite horrors of the Abyss.
 36391 | Depths:2 | Reached XP level 22. HP: 185/185 MP: 33/38
 36503 | Depths:2 | Reached skill level 1 in Air Magic
 36508 | Depths:2 | Noticed Mara
 36596 | Depths:2 | Found a one-way gate leading to the halls of Pandemonium.
 37022 | Depths:2 | Found a gateway to a ziggurat.
 37565 | Depths:4 | Noticed a golden dragon
 37574 | Depths:4 | Killed a golden dragon
 37574 | Depths:4 | Reached skill level 5 in Charms
 37644 | Depths:4 | Found a transporter.
 37655 | Depths:4 | Found a transporter.
 37852 | Depths:4 | Noticed a golden dragon
 37859 | Depths:4 | Killed a golden dragon
 38480 | Depths:4 | Found a runed door.
 38483 | Depths:4 | Noticed a juggernaut
 38497 | Depths:4 | Killed a juggernaut
 38852 | Depths:4 | Found a bloodstained altar of Trog.
 38853 | Depths:4 | Found the cursed necklace of Bloodlust {*Rage +Rage MR++ Int-3 Slay+6 *Curse}
 39030 | Depths:5 | Entered Level 5 of the Depths
 39105 | Depths:5 | Reached XP level 23. HP: 194/194 MP: 33/39
 39217 | Depths:5 | Reached skill level 21 in Unarmed Combat
 39281 | Depths:5 | Reached skill level 5 in Air Magic
 39380 | Depths:5 | Found a gate to the Realm of Zot.
 39385 | Depths:5 | Reached skill level 10 in Shields
 40249 | Slime:1  | Entered Level 1 of the Pits of Slime
 40252 | Lair:6   | Gained mutation: You are frail. (-10% HP) [a shining eye]
 40254 | Lair:6   | Lost mutation: You are frail. (-10% HP) [potion of mutation]
 40254 | Lair:6   | Gained mutation: You have a pair of small horns on your head. [potion of mutation]
 40254 | Lair:6   | Gained mutation: You are resistant to hostile enchantments. (MR+) [potion of mutation]
 40254 | Lair:6   | Gained mutation: Your large and strong wings let you fly indefinitely. [potion of mutation]
 40318 | Slime:1  | Noticed plantmann's ghost (legendary GrFi)
 40318 | Slime:1  | Gained mutation: Potions are less effective at restoring your health. [a shining eye]
 40319 | Slime:1  | Gained mutation: You tend to lose your temper in combat. [a shining eye]
 40348 | Slime:1  | Killed plantmann's ghost
 41106 | Slime:4  | Gained mutation: You expend magic power (3 MP) to strengthen your wands. [a shining eye]
 41258 | Slime:5  | Entered Level 5 of the Pits of Slime
 41362 | Slime:5  | Gained mutation: Scrolls take you a little longer to read. [a shining eye]
 41368 | Slime:5  | Reached XP level 24. HP: 205/205 MP: 28/40
 41458 | Slime:5  | Noticed the Royal Jelly
 41551 | Slime:4  | Lost mutation: You expend magic power (3 MP) to strengthen your wands. [potion of mutation]
 41551 | Slime:4  | Lost mutation: Scrolls take you a little longer to read. [potion of mutation]
 41551 | Slime:4  | Lost mutation: Potions are less effective at restoring your health. [potion of mutation]
 41551 | Slime:4  | Gained mutation: Scrolls take you a little longer to read. [potion of mutation]
 41551 | Slime:4  | Lost mutation: You tend to lose your temper in combat. [potion of mutation]
 41714 | Slime:5  | Found a viscous altar of Jiyva.
 41716 | Slime:5  | Found the +9 sword of Zonguldrok {reap}
 41717 | Slime:5  | Found the +4 skin of Zhor {rC+++}
 41717 | Slime:5  | Found the +3 giant club "Skullcrusher" {speed, Str+7}
 41760 | Slime:5  | Killed the Royal Jelly
 41760 | Slime:5  | Reached skill level 15 in Fighting
 41828 | Slime:5  | Got a slimy rune of Zot
 41869 | Slime:5  | Got a transparent lead ring
 41870 | Slime:5  | Lost mutation: Scrolls take you a little longer to read. [potion of mutation]
 41870 | Slime:5  | Lost mutation: You are resistant to hostile enchantments. (MR+) [potion of mutation]
 41870 | Slime:5  | Gained mutation: Your spells are a little harder to cast, but a little more powerful. [potion of mutation]
 41870 | Slime:5  | Gained mutation: You can translocate small distances at will. [potion of mutation]
 41871 | Slime:5  | Identified the ring "Mig Pucu" {rPois rF+++ Int+3 Slay-4 SInv} (You found it on level 5 of the Pits of Slime)
 41881 | Slime:5  | Got a brightly glowing jade ring
 41882 | Slime:5  | Identified the ring "Konatrurr" {rC- AC+2 Dex+4} (You found it on level 5 of the Pits of Slime)
 41894 | Slime:5  | Identified the +2 pair of gloves of Unreason {rPois rN++ Dex-4} (You found it on level 5 of the Pits of Slime)
 42396 | Zot:1    | Entered Level 1 of the Realm of Zot
 43027 | Zot:5    | Entered Level 5 of the Realm of Zot
 43033 | Zot:5    | Reached skill level 15 in Dodging
 43051 | Zot:5    | Annihilated by a golden dragon

Skill      XL: |  1  2  3  4  5  6  7  8  9 10 11 12 13 14 15 16 17 18 19 20 21 22 23 24 |
---------------+-------------------------------------------------------------------------+-----
Dodging        | 2 3 4 5 6 7 8 9 10 11 12 13 15 | 15.0
Fighting       | 2 3 4 5 6 7 8 9 10 11 12 13 14 15 | 15.0
Spellcasting   | 3 4 5 6 7 8 9 10 11 12 13 14 | 14.0
Transmutations | 3 4 5 6 7 8 9 10 12 14 15 | 15.0
Unarmed Combat | 4 5 6 8 9 11 14 15 16 17 18 19 20 21 | 21.0
Invocations    | 3 5 7 8 9 10 11 12 | 12.0
Shields        | 2 4 5 6 8 9 10 13 | 13.0
Necromancy     | 2 4 |  4.0
Evocations     | 2 |  2.3
Earth Magic    | 3 8 11 15 16 17 18 | 18.0
Charms         | 1 3 4 5 7 8 |  8.0
Translocations | 3 5 |  5.0
Air Magic      | 4 7 8 |  8.0

Action                   |  1- 3 |  4- 6 |  7- 9 | 10-12 | 13-15 | 16-18 | 19-21 | 22-24 || total
-------------------------+-------+-------+-------+-------+-------+-------+-------+-------++-------
Melee: Unarmed           |    75 |   154 |   425 |   516 |   916 |   866 |  1323 |  1101 ||  5376
       Tailslap          |     7 |    21 |    69 |   126 |   219 |   194 |   267 |   238 ||  1141
       Kick              |    10 |     9 |       |       |       |       |       |       ||    19
       Punch             |     1 |     3 |    12 |    49 |    69 |       |       |       ||   134
       Headbutt          |       |    11 |    38 |       |       |       |       |   173 ||   222
 Cast: Beastly Appendage |    11 |    13 |    12 |       |       |       |       |       ||    36
       Sticks to Snakes  |     3 |     6 |     3 |       |     6 |    20 |       |       ||    38
       Blade Hands       |       |       |     1 |    27 |    26 |     1 |       |       ||    55
       Blink             |       |       |       |     1 |       |       |       |       ||     1
       Spider Form       |       |       |       |     1 |       |       |       |       ||     1
       Regeneration      |       |       |       |       |     3 |    45 |    44 |    51 ||   143
       Ice Form          |       |       |       |       |     1 |       |       |       ||     1
       Statue Form       |       |       |       |       |     8 |    52 |    79 |    67 ||   206
       Apportation       |       |       |       |       |     4 |       |       |     7 ||    11
       Shatter           |       |       |       |       |       |       |       |     2 ||     2
       Deflect Missiles  |       |       |       |       |       |       |       |     2 ||     2
Invok: Slouch            |       |       |       |     3 |     6 |    13 |    16 |    10 ||    48
       Temporal Distorti |       |       |       |       |     6 |       |     2 |     8 ||    16
 Abil: Breathe Steam     |       |       |    16 |    19 |    13 |     1 |     1 |       ||    50
       End Transformatio |       |       |       |     1 |     1 |     1 |       |       ||     3
       Stop Flying       |       |       |       |       |     1 |       |       |       ||     1
Evoke: Wand              |       |       |       |       |     1 |     4 |       |     6 ||    11
       Phial of floods   |       |       |       |       |       |       |       |     1 ||     1
       Sack of spiders   |       |       |       |       |       |       |       |     1 ||     1
       Lamp of fire      |       |       |       |       |       |       |       |     1 ||     1
  Use: Scroll            |     7 |     9 |     9 |     3 |    17 |    21 |    12 |    13 ||    91
       Potion            |       |     1 |       |     1 |     4 |     1 |       |     9 ||    16
 Stab: Distracted        |       |     1 |       |       |     3 |     2 |       |     3 ||     9
       Sleeping          |       |     1 |     4 |     2 |     9 |     5 |     5 |       ||    26
       Invisible         |       |       |       |       |     3 |       |       |       ||     3
  Eat: Chunk             |       |     6 |     9 |    14 |    21 |     3 |    10 |     3 ||    66
       Ration            |       |     1 |     1 |     1 |     4 |    10 |     9 |    12 ||    38
Armor: Skin              |    15 |    56 |   123 |    75 |   210 |   458 |   659 |   465 ||  2061
Dodge: Dodged            |    41 |    88 |   296 |   489 |   925 |  1226 |  1576 |  1171 ||  5812
       Deflected         |       |       |       |       |       |       |       |    22 ||    22
Block: Buckler           |       |       |       |       |   135 |   633 |    22 |       ||   790
       Reflection        |       |       |       |       |    12 |    88 |       |       ||   100
       Shield            |       |       |       |       |       |       |  1563 |  1165 ||  2728
